cohdb
Replays
Latest Replays
All Replays
Popular Replays
Top Player Replays
Match Explorer
How It Works
Community
CoH3 Stats
Reddit
Sign in to upload your games and track your stats! →
Sign in with Steam
Match 45829065
Unlisted
Match 45829065
Overview
Messages
Build Orders
End
Selects Luftwaffe Battlegroup
Selects Luftwaffe Pioneer Support
Construct Infanterie Kompanie
Fallschirmpioneer Squad Paradrop
Grenadier Squad
MG 42 Machine Gun Team
Grenadier Squad
Medical Station
Selects LG40 Recoilless Gun Paradrop
Construct Luftwaffe Kompanie
Selects Stuka Strafing Run
221 Scout Car
Selects Fallschirmjäger Squad Paradrop
Fallschirmjäger Squad Paradrop
Jäger Squad
Support Elements
Wirbelwind Flakpanzer
Flak 30 Anti-aircraft Gun Team
Construct Panzer Kompanie
Stoßtruppen Squad
Fallschirmjäger Squad Paradrop
Selects Infantry Reserves
Sturmpanzer IV Brummbär
Stoßtruppen Squad
Selects Stuka Loiter
Stuka Loiter
Pioneer Squad
Panzer IV Medium Tank
✠Kaiser✠ tushkan
✠Kaiser✠ PERVITIN
K̳itsuné
aSIIDemolitionHammer
0
0
Comments
sign in to comment!
No comments posted yet!